 Dungeon Crawl Stone Soup version 0.24-a0-290-gbb66a67 (webtiles) character file.

Game seed: 1528763938690538655

3098 mopl the Tainter (level 9, 0/102 HPs)
             Began as a Naga Venom Mage on May 8, 2019.
             Was a Believer of Cheibriados (penitent).
             Slain by a shadow (8 damage)
             ... on level 7 of the Dungeon.
             The game lasted 00:18:26 (7683 turns).

mopl the Tainter (Naga Venom Mage)                  Turns: 7683, Time: 00:18:27

Health: 0/102      AC:  6    Str: 16    XL:     9   Next: 90%
Magic:  26/28      EV: 10    Int: 18    God:    Cheibriados [*]
Gold:   250        SH:  0    Dex: 12    Spells: 6/21 levels left

rFire    . . .     SeeInvis +   a - +4 dagger (venom)
rCold    + . .     Gourm    .   (no shield)
rNeg     . . .     Faith    .   l - +0 robe
rPois    +         Spirit   .   u - +0 helmet (curse)
rElec    .         Reflect  .   j - +0 cloak
rCorr    +         Harm     .   (no gloves)
MR       +....                  (no barding)
Stlth    ..........             (no amulet)
HPRegen  0.27/turn              I - ring of resist corrosion
MPRegen  0.21/turn              B - ring of the Salmon {rPois rC+ MP+9}

@: berserking, very slow
A: large, see invisible, deformed body, poison resistance, slowness 2, slow
metabolism 1, spit poison 1, AC +3
a: Spit Poison, Renounce Religion


You were on level 7 of the Dungeon.
You worshipped Cheibriados.
Cheibriados was demanding penance.
You were not hungry.

You visited 2 branches of the dungeon, and saw 8 of its levels.

You collected 250 gold pieces.

Inventory:

Hand Weapons
 a - a +4 dagger of venom (weapon)
 b - a +2 whip of holy wrath
 m - a +4 dagger
 o - a +0 quarterstaff
 J - a +0 blowgun
Missiles
 h - 40 poisoned needles
 s - 14 tomahawks (quivered)
Armour
 j - a +0 cloak (worn)
 l - a +0 robe (worn)
 u - a cursed +0 helmet (worn)
Jewellery
 y - a +5 ring of strength
 B - the ring of the Salmon (right hand) {rPois rC+ MP+9}
   (You found it on level 4 of the Dungeon)

   [ring of poison resistance]

   It protects you from cold.
   It protects you from poison.
   It affects your magic capacity (+9).
 D - an uncursed ring of flight
 I - a ring of resist corrosion (left hand)
Scrolls
 i - 2 scrolls of enchant armour {unknown}
 k - 3 scrolls of remove curse {unknown}
 r - 6 scrolls of teleportation {unknown}
 t - 2 scrolls of noise {unknown}
 v - a scroll of random uselessness {unknown}
 z - a scroll of amnesia {unknown}
 C - a scroll of enchant weapon {unknown}
 F - a scroll of magic mapping {unknown}
Potions
 d - 2 potions of resistance
 e - a potion of lignification {!q}
 f - 2 potions of berserk rage {!q}
 g - 4 potions of degeneration {unknown}
 n - 2 potions of flight
 p - 5 potions of curing {unknown}
 q - a potion of agility
 w - a potion of haste
 x - a potion of mutation {!q}
 A - a potion of cancellation
 E - 2 potions of brilliance
Comestibles
 c - 10 rations


   Skills:
 - Level 1.5 Dodging
 - Level 3.0 Stealth
 + Level 6.9 Spellcasting
 + Level 7.2 Conjurations
 - Level 2.1 Air Magic
 + Level 10.2 Poison Magic
 + Level 4.4 Invocations


You had 6 spell levels left.
You knew the following spells:

 Your Spells              Type           Power        Failure   Level  Hunger
a - Sting                 Conj/Pois      ####         1%          1    None
b - Poisonous Vapours     Pois/Air       ####..       1%          2    None
c - Mephitic Cloud        Conj/Pois/Air  ####....     2%          3    ##.....
d - Olgreb's Toxic Radia  Pois           #####...     1%          4    ####...
f - Venom Bolt            Conj/Pois      #####.....   9%          5    #####..

Your spell library contained the following spells:

 Spells                   Type           Power        Failure   Level  Hunger
 Spider Form              Tmut/Pois      ###.......   4%          3    ##.....
 Beastly Appendage        Tmut           #.....       11%         1    None
 Confusing Touch          Hex            #.....       11%         1    None
 Sticks to Snakes         Tmut           #.......     17%         2    None
 Confuse                  Hex            #.......     32%         3    ##.....
 Gell's Gravitas          Tloc           #.........   32%         3    ##.....
 Ice Form                 Ice/Tmut       #.......     73%         4    ####...
 Petrify                  Tmut/Erth      #.......     73%         4    ####...
 Blade Hands              Tmut           #.........   97%         5    #####..
 Metabolic Englaciation   Hex/Ice        #.........   97%         5    #####..
 Yara's Violent Unravell  Hex/Tmut       #.........   97%         5    #####..


Dungeon Overview and Level Annotations

Branches:
Dungeon (7/15)             Temple (1/1) D:6

Altars:
Cheibriados
Dithmenos
Gozag
Hepliaklqana
Kikubaaqudgha
Makhleb
Nemelex Xobeh
Qazlal
Ru
Trog
Uskayaw
Vehumet
Yredelemnul
The Shining One

Shops:
D:6 }


Innate Abilities, Weirdness & Mutations

You cannot wear boots.
Your serpentine skin is tough. (AC +3)
You have supernaturally acute eyesight. (SInv)
Armour fits poorly on your strangely shaped body.
Your system is resistant to poisons. (rPois)
You cover ground very slowly.
You have a slow metabolism.
You can spit poison.


Message History

The ice beast hits you but does no damage.
Unknown command.
You hit the ice beast.
You kill the ice beast!
Cheibriados thoroughly appreciates the change of pace.
You closely miss the shadow. The shadow hits you.
* * * LOW HITPOINT WARNING * * *
You completely miss the shadow. The shadow barely misses you.
You barely miss the shadow. The shadow hits you.
* * * LOW HITPOINT WARNING * * *
You barely miss the shadow. The shadow closely misses you.
You closely miss the shadow. The shadow completely misses you.
You hit the shadow.
The shadow is moderately damaged.
The shadow slips into darkness.
The shadow flickers and vanishes for a moment.
You closely miss the shadow.
The shadow is moderately damaged.
The shadow hits you!
You die...

######## ##### #......# #..)#
.......# #.#.#
#......#########.#.#
.....:.........#.#.## #.#..
.##.................###.#.###
...###..#.#....#.#...##.#...
#.#.......#.####.#.#.##.#..#
##...#.####.# #@#.#.##.#..#
#.##)#.#.#..###W#...(..#..#
####.##..##..............>.#####
#.....)..#..#...........[[.....##
.#....####..#...#####.##[[#......
#.#..####.#.#...### #..#)...8....
.#.#.(............# ##.#<..))....
#.#.##.###........# #..[...8....
#..#..............# ##.....))..)


You could see a shadow (invisible).

Vanquished Creatures
  An ugly thing (D:7)
  Grinder (D:4)
  A water moccasin (D:7)
  An ice beast (D:7)
  A sky beast (D:6)
  2 orc warriors (D:6)
  3 ogres (D:7)
  A big kobold (D:7)
  A bullfrog (D:7)
  6 scorpions
  A water moccasin zombie (D:7)
  3 wights
  2 crimson imps (D:6)
  2 centaur zombies (D:6)
  4 hounds
  A bullfrog zombie (D:6)
  7 orc wizards
  2 bullfrog skeletons
  4 orc priests
  3 jellies
  2 iguanas
  4 worker ants
  A killer bee zombie (D:7)
  Robin (D:3)
  7 adders
  A gnoll (D:7)
  An ooze (D:2)
  3 worms
  A dart slug (D:2)
  4 leopard geckos
  32 orcs
  3 giant cockroaches
  24 goblins
  8 hobgoblins
  4 jackals
  2 quokkas (D:6)
  6 bats
  6 frilled lizards
  A jackal skeleton (D:5)
  11 kobolds
  A leopard gecko skeleton (D:7)
  9 rats
179 creatures vanquished.

Notes
Turn   | Place    | Note
-------+----------+-------------------------------------------
     0 | D:1      | mopl the Naga Venom Mage began the quest for the Orb.
     0 | D:1      | Reached XP level 1. HP: 15/15 MP: 3/3
    89 | D:1      | Reached XP level 2. HP: 22/22 MP: 3/5
   244 | D:1      | Learned a level 2 spell: Poisonous Vapours
   832 | D:2      | Reached XP level 3. HP: 28/28 MP: 0/6
  1085 | D:2      | Learned a level 3 spell: Mephitic Cloud
  1166 | D:2      | Reached skill level 1 in Air Magic
  1406 | D:2      | Reached skill level 2 in Conjurations
  1412 | D:2      | Reached XP level 4. HP: 36/36 MP: 3/8
  2023 | D:3      | Noticed Robin
  2141 | D:3      | Reached skill level 5 in Poison Magic
  2150 | D:3      | Killed Robin
  2161 | D:2      | Reached XP level 5. HP: 25/42 MP: 7/9
  2288 | D:3      | Reached skill level 3 in Spellcasting
  2327 | D:3      | Found a basalt altar of Yredelemnul.
  3021 | D:4      | Learned a level 4 spell: Olgreb's Toxic Radiance
  3034 | D:4      | Reached skill level 2 in Air Magic
  3212 | D:4      | Reached skill level 3 in Conjurations
  3212 | D:4      | Reached XP level 6. HP: 36/49 MP: 9/11
  3242 | D:4      | Got a vibrating silver ring
  3243 | D:4      | Identified the ring of the Salmon {rPois rC+ MP+9} (You
                  | found it on level 4 of the Dungeon)
  3534 | D:4      | Reached skill level 6 in Poison Magic
  3535 | D:4      | Noticed Grinder
  3554 | D:4      | Paralysed by Grinder for 2 turns
  3595 | D:4      | Killed Grinder
  3595 | D:4      | Reached skill level 4 in Spellcasting
  3595 | D:4      | Reached skill level 4 in Conjurations
  3595 | D:4      | Reached XP level 7. HP: 10/55 MP: 13/13
  4175 | D:5      | Entered Level 5 of the Dungeon
  4203 | D:5      | Reached skill level 7 in Poison Magic
  5248 | D:6      | Reached XP level 8. HP: 56/62 MP: 15/15
  5259 | D:6      | Found Riozul's Gadget Boutique.
  5403 | D:6      | Reached skill level 5 in Spellcasting
  5403 | D:6      | Reached skill level 5 in Conjurations
  5437 | D:6      | Reached skill level 8 in Poison Magic
  6136 | D:6      | Found a staircase to the Ecumenical Temple.
  6203 | Temple   | Entered the Ecumenical Temple
  6333 | Temple   | Became a worshipper of Cheibriados the Contemplative
  6393 | D:6      | Learned a level 5 spell: Venom Bolt
  6429 | D:7      | Found a hide-covered altar of Uskayaw.
  6453 | D:7      | Reached skill level 1 in Invocations
  6454 | D:7      | Reached skill level 6 in Conjurations
  6460 | D:7      | Reached skill level 9 in Poison Magic
  6460 | D:7      | Reached XP level 9. HP: 53/68 MP: 12/17
  6467 | D:7      | Reached skill level 6 in Spellcasting
  6467 | D:7      | Reached skill level 2 in Invocations
  6764 | D:7      | Reached * piety under Cheibriados
  7127 | D:7      | Reached skill level 3 in Invocations
  7414 | D:7      | Reached ** piety under Cheibriados
  7566 | D:7      | Noticed a purple ugly thing
  7576 | D:7      | Killed a purple ugly thing
  7576 | D:7      | Reached skill level 7 in Conjurations
  7576 | D:7      | Reached skill level 10 in Poison Magic
  7577 | D:7      | Reached skill level 4 in Invocations
  7675 | D:7      | Was placed under penance by Cheibriados
  7683 | D:7      | Slain by a shadow

Levels and vault maps discovered:
D:1:      minmay_arrival_up_and_down, layout_loops_ring
D:2:      layout_basic
D:3:      layout_rooms, yredelemnul_altar_generic, hangedman_glass_teeth,
          uniq_robin
D:4:      layout_loops_corners, uniq_grinder
D:5:      layout_loops_ring, first_ration
D:6:      layout_loops_cross, temple_statues, serial_shops, kennysheep_mini_moat
D:7:      layout_basic, eat_drink_and_be_merry_uskayaw, minmay_shattered_shrine,
          uniq_pikel
Temple:   dpeg_five_rooms_temple

Skill      XL: |  1  2  3  4  5  6  7  8  9 |
---------------+----------------------------+-----
Air Magic      | 1 2 |  2.1
Conjurations   | 2 3 4 6 7 |  7.2
Poison Magic   | 5 6 7 9 10 | 10.2
Spellcasting   | 3 4 5 6 |  6.9
Invocations    | 1 4 |  4.4
Dodging        | |  1.5
Stealth        | |  3.0

Action                   |  1- 3 |  4- 6 |  7- 9 || total
-------------------------+-------+-------+-------++-------
Melee: Whip              |     2 |    11 |    86 ||    99
       Dagger            |    28 |   111 |   173 ||   312
Throw: Tomahawk          |       |     4 |       ||     4
 Cast: Sting             |    29 |       |     8 ||    37
       Poisonous Vapours |     7 |     6 |    10 ||    23
       Mephitic Cloud    |       |     6 |     5 ||    11
       Olgreb's Toxic Ra |       |     2 |    17 ||    19
       Venom Bolt        |       |       |     4 ||     4
 Abil: Spit Poison       |    10 |     1 |     8 ||    19
  Use: Potion            |       |     1 |     2 ||     3
       Scroll            |       |       |     9 ||     9
 Stab: Sleeping          |     2 |     5 |     4 ||    11
       Distracted        |       |     1 |     1 ||     2
  Eat: Chunk             |     2 |     7 |    11 ||    20
       Ration            |       |       |     1 ||     1
Armor: Robe              |    12 |    33 |    69 ||   114
       Skin              |       |     3 |       ||     3
Dodge: Dodged            |    33 |    67 |   155 ||   255

Table legend:
 A = Non-vault XP
 B = Vault XP
 C = Vault XP percentage of total XP
 D = Non-vault monster count
 E = Vault monster count
 F = Vault count percentage of total count
                 A         B        C        D         E       F
            +---------+---------+-------+---------+---------+-------
      Total |    2664 |    1762 |  39.8 |     154 |      25 |  14.0
            +---------+---------+-------+---------+---------+-------
        D:1 |      29 |       0 |   0.0 |      20 |       0 |   0.0
        D:2 |      68 |      10 |  12.8 |      25 |       5 |  16.7
        D:3 |     100 |      29 |  22.5 |      22 |       8 |  26.7
        D:4 |     255 |     286 |  52.9 |      11 |       1 |   8.3
        D:5 |     242 |       0 |   0.0 |      13 |       0 |   0.0
        D:6 |    1055 |       0 |   0.0 |      33 |       0 |   0.0
        D:7 |     915 |    1437 |  61.1 |      30 |      11 |  26.8
            +---------+---------+-------+---------+---------+-------
